 Dungeon Crawl Stone Soup version 0.17-a0-1567-gdd419b1 (webtiles) character file.

2209 mrath the Shield-Bearer (level 9, 0/79 HPs)
             Began as a Minotaur Fighter on July 22, 2015.
             Was a Believer of Okawaru.
             Slain by an apocalypse crab (11 damage)
             ... while paralysed by you
             ... on level 1 of the Abyss.
             The game lasted 00:47:35 (5101 turns).

mrath the Shield-Bearer (Minotaur Fighter)          Turns: 5101, Time: 00:47:35

Health: 0/79       AC: 12    Str: 24    XL:     9   Next: 13%
Magic:  9/9        EV:  2    Int:  5    God:    Okawaru [**....]
Gold:   197        SH:  0    Dex: 10    Spells: 0 memorised, 8 levels left

rFire  . . .     SeeInvis .     a - +0 war axe
rCold  . . .     Clarity  .     i - +0 chain mail
rNeg   . . .     SustAt   .     c - +0 shield
rPois  .         Gourm    .     (helmet restricted)
rElec  .         Spirit   .     p - +0 cloak
rCorr  .         Warding  .     (no gloves)
rMut   .         Stasis   .     (no boots)
MR     .....                    o - amulet of regeneration
Stlth  ..........               (no ring)
                                (no ring)

@: paralysed, exhausted, very slightly contaminated, slowed, not resistant to
hostile enchantments, extremely unstealthy
A: retaliatory headbutt, horns 2
a: Heroism, Renounce Religion


You were on level 1 of the Abyss.
You worshipped Okawaru.
Okawaru was pleased with you.
You were not hungry.

You visited 1 branch of the dungeon, and saw 6 of its levels.
You visited the Abyss 1 time.

You collected 257 gold pieces.
You spent 60 gold pieces at shops.

Inventory:

Hand weapons
 a - a +0 war axe (weapon)
 b - a +0 blowgun
 d - a +2 short sword of venom
 h - a +0 flail
 K - a +0 short sword
 O - a +2 quarterstaff of chaos
 P - a +0 hammer
Missiles
 f - 97 stones (quivered)
 v - 16 poisoned needles
 B - 6 needles of sleeping
 I - 2 throwing nets
Armour
 c - a +0 shield (worn)
 i - a +0 chain mail (worn)
 p - a +0 cloak (worn)
Jewellery
 o - an amulet of regeneration (around neck)
 s - an uncursed ring of stealth {unknown}
 y - a +4 ring of dexterity {unknown}
Magical devices
 M - a wand of random effects (18)
Scrolls
 l - 3 scrolls of identify
 n - a scroll of amnesia {unknown}
 q - a scroll of blinking
 r - a scroll of immolation {unknown}
 w - 3 scrolls of remove curse
 A - 2 scrolls of teleportation {unknown}
 C - a scroll of fog {unknown}
 F - a scroll of recharging {unknown}
Potions
 e - 4 potions of agility {unknown}
 g - a potion of cancellation {unknown}
 k - a potion of mutation {unknown}
 m - 2 potions of curing
 t - 2 potions of cure mutation {unknown}
 x - a potion of flight {unknown}
 D - 2 potions of degeneration {unknown}
 H - 2 potions of lignification {unknown}
Comestibles
 u - 3 beef jerkies
 z - 2 meat rations


   Skills:
 + Level 7.1 Fighting
 + Level 6.6 Axes
   Level 0.4(2.1) Slings
   Level 0.2 Crossbows
 + Level 3.0 Throwing
 + Level 7.4 Armour
 - Level 3.1 Dodging
 - Level 0.6 Stealth
 + Level 7.7 Shields
 + Level 2.5 Invocations


You had 8 spell levels left.
You didn't know any spells.

Dungeon Overview and Level Annotations

Branches:
Dungeon (6/15)             Temple (0/1) D:5

Altars:
Ashenzari
Gozag
Kikubaaqudgha
Okawaru
Qazlal
Ru
Trog
Vehumet
Xom

Shops:
D:5 *![


Innate Abilities, Weirdness & Mutations

You reflexively headbutt those who attack you in melee.
You have a pair of horns on your head.


Message History

You flicker back into view.
The apocalypse crab is engulfed in seething chaos.
The apocalypse crab bites you but does no damage.
The apocalypse crab claws you but does no damage.
The apocalypse crab is engulfed in seething chaos.
The apocalypse crab bites you but does no damage.
The apocalypse crab claws you! The apocalypse crab shocks you!
* * * LOW HITPOINT WARNING * * *
The apocalypse crab bites you.
* * * LOW HITPOINT WARNING * * *
You shrug off the repeated paralysis!
The apocalypse crab claws you but does no damage.
The apocalypse crab bites you but does no damage.
The apocalypse crab claws you but does no damage.
The apocalypse crab bites you but does no damage.
The apocalypse crab claws you but does no damage.
The apocalypse crab barely misses you. The apocalypse crab claws you.
* * * LOW HITPOINT WARNING * * *
The apocalypse crab shocks you!
You die...

. #. # ## #
.#.# .#.##
..## # . .#
## .###. . ..
#.
.....###..#.#
... # .#.###
....[ ###..#
. # #
#.####..# #
..# #†#...# #
#§#t@# # . #
#§##...# . .#
#t #.#.# # #.
# ###... ## #
.#.# . .#
.##.# #..##
.# ..# .# #.
..# . .. ##


You could see an apocalypse crab.

Vanquished Creatures
  2 apocalypse crabs (Abyss:1)
  Menkaure (D:4)
  A small abomination (Abyss:1)
  2 ice beasts
  An ogre (D:5)
  A centaur (D:6)
  2 giant frogs
  A centaur zombie (D:6)
  A giant frog zombie (D:5)
  An orc priest (D:5)
  Crazy Yiuf (D:4)
  2 gnoll shamans
  4 orc wizards
  8 worker ants
  2 hounds
  Natasha (thrice) (D:4)
  A worker ant zombie (D:5)
  10 gnolls
  9 adders
  4 oozes
  3 worms
  6 giant geckos
  8 orcs
  3 ball pythons
  6 giant cockroaches
  6 goblins
  14 hobgoblins
  7 jackals
  3 quokkas
  13 bats
  5 giant newts
  8 kobolds
  8 rats
147 creatures vanquished.

Notes
Turn   | Place    | Note
--------------------------------------------------------------
     0 | D:1      | mrath the Minotaur Fighter began the quest for the Orb.
     0 | D:1      | Reached XP level 1. HP: 19/19 MP: 0/0
    66 | D:1      | Reached XP level 2. HP: 25/27 MP: 1/1
   258 | D:1      | Reached skill level 4 in Shields
   567 | D:1      | Reached XP level 3. HP: 33/33 MP: 2/2
   937 | D:2      | Reached XP level 4. HP: 40/40 MP: 3/3
  1153 | D:2      | Found a stormy altar of Qazlal.
  1277 | D:2      | Found an iron altar of Okawaru.
  1679 | D:3      | You fall through a shaft for 2 floors!
  1679 | D:5      | Entered Level 5 of the Dungeon
  1680 | D:5      | Found Xong's Distillery.
  1686 | D:5      | Bought a potion of heal wounds for 60 gold pieces
  1690 | D:5      | Noticed an ogre
  1700 | D:5      | Killed an ogre
  1700 | D:5      | Reached skill level 5 in Armour
  1700 | D:5      | Reached skill level 1 in Dodging
  1700 | D:5      | Reached XP level 5. HP: 12/46 MP: 4/4
  1835 | D:5      | Found a staircase to the Ecumenical Temple.
  1905 | D:5      | Reached skill level 5 in Shields
  1995 | D:5      | Reached XP level 6. HP: 51/53 MP: 5/5
  2147 | D:5      | Found Miongyi's Assorted Antiques.
  2242 | D:5      | Noticed an ice beast
  2260 | D:5      | Killed an ice beast
  2260 | D:5      | Reached skill level 5 in Fighting
  2317 | D:5      | Reached skill level 6 in Armour
  2390 | D:5      | Reached XP level 7. HP: 57/61 MP: 6/6
  2417 | D:5      | Reached skill level 1 in Throwing
  3188 | D:2      | Found a shimmering altar of Xom.
  3188 | D:2      | Found a radiant altar of Vehumet.
  3197 | D:2      | Found a shattered altar of Ashenzari.
  3202 | D:2      | Became a worshipper of Warmaster Okawaru
  3251 | D:4      | Noticed Natasha
  3263 | D:4      | Killed Natasha
  3319 | D:4      | Noticed Natasha
  3330 | D:4      | Killed Natasha
  3384 | D:4      | Noticed Menkaure
  3392 | D:4      | Killed Menkaure
  3392 | D:4      | Reached skill level 5 in Axes
  3851 | D:4      | Noticed Natasha
  3857 | D:4      | Killed Natasha
  3859 | D:4      | Reached XP level 8. HP: 67/70 MP: 7/7
  3896 | D:4      | Noticed Crazy Yiuf
  3903 | D:4      | Killed Crazy Yiuf
  4229 | D:5      | Found Caeg's Antique Armour Emporium.
  4468 | D:5      | Acquired Okawaru's first power
  4478 | D:6      | Reached skill level 7 in Shields
  4640 | D:6      | Reached skill level 1 in Invocations
  4679 | D:6      | Found a sacrificial altar of Ru.
  4800 | D:6      | Found an ancient bone altar of Kikubaaqudgha.
  4821 | D:6      | Found an opulent altar of Gozag.
  4821 | D:6      | Found a bloodstained altar of Trog.
  4934 | D:6      | Cast into the Abyss (gnoll)
  4977 | Abyss:1  | Noticed a large abomination
  5067 | Abyss:1  | Found a burning altar of Makhleb.
  5074 | Abyss:1  | Noticed an apocalypse crab
  5085 | Abyss:1  | Killed an apocalypse crab
  5090 | Abyss:1  | Killed an apocalypse crab
  5090 | Abyss:1  | Reached XP level 9. HP: 66/79 MP: 9/9
  5091 | Abyss:1  | Noticed an apocalypse crab
  5097 | Abyss:1  | Paralysed by you for 7 turns
  5101 | Abyss:1  | Slain by an apocalypse crab

Vault maps used:
D:1:      eino_arrival_water_star, minmay_statues_item, st_stairs_11
D:2:      nicolae_overflow_hidden_temple
D:4:      uniq_crazy_yiuf_cottage, uniq_natasha, uniq_menkaure
D:5:      minmay_temple_entry_purple_smoke, serial_shops, shop,
          kennysheep_mini_moat, nicolae_shop_trees, first_bread
D:6:      gammafunk_temple_overflow_forgotten, nicolae_ru_sacrificial_ziggurat,
          makhleb_blood_cavern_becter

Action                   |  1- 3 |  4- 6 |  7- 9 || total
-------------------------+-------+-------+-------++-------
Melee: War axe           |    85 |   122 |   214 ||   421
       Short sword       |       |       |     8 ||     8
 Fire: Hunting sling     |       |       |     7 ||     7
       Hand crossbow     |       |       |    13 ||    13
Throw: Stone             |     3 |    10 |    27 ||    40
  Use: Scroll            |       |     2 |     3 ||     5
       Potion            |       |     2 |     2 ||     4
  Eat: Chunk             |       |     3 |     4 ||     7
       Bread ration      |       |     1 |     1 ||     2
       Pizza             |       |       |     1 ||     1
